 Dungeon Crawl Stone Soup version 0.30-a0-857-gcaf70739d4 (webtiles) character file.

Game seed: 15259185105332721422

467 KleinerIrrer the Shooter (level 7, -1/52 (56) HPs)
             Began as a Formicid Hunter on Mar 5, 2023.
             Was a Believer of Cheibriados.
             Slain by a wight
             ... wielding a +3 scimitar
              (15 damage)
             ... in a sewer.
             The game lasted 00:04:01 (1418 turns).

KleinerIrrer the Shooter (Formicid Hunter)          Turns: 1418, Time: 00:04:02

HP:   -1/52 (56)    AC:  3    Str: 20    XL:     7   Next: 30%
MP:   7/7           EV: 12    Int: 12    God:    Cheibriados [**....]
Gold: 165           SH:  6    Dex: 23    Spells: 6/6 levels left

rFire   . . .      SeeInvis +    a - +0 shortbow
rCold   + . .      Faith    .    m - +0 buckler
rNeg    . . .      Spirit   .    c - +0 leather armour
rPois   .          Reflect  .    (helmet unavailable)
rElec   .          Rampage  .    (no cloak)
rCorr   .                        (no gloves)
Will    .....                    (no boots)
Stlth   ++                       (no amulet)
HPRegen 0.28/turn                d - ring of protection from cold
MPRegen 0.10/turn                (no ring)

@: brilliant, attractive, drained, very slow
A: permanent stasis, dig shafts and tunnels, antennae 3, four strong arms
a: Dig, Renounce Religion, Bend Time


You were in a sewer.
You worshipped Cheibriados.
Cheibriados was pleased with you.
You visited 1 branch of the dungeon, and saw 3 of its levels.
You also visited: Sewer.

You collected 165 gold pieces.

Inventory:

Hand Weapons
 a - a +0 shortbow (weapon)
Armour
 c - a +0 leather armour (worn)
 m - a +0 buckler (worn)
Jewellery
 d - a ring of protection from cold (left hand)
Scrolls
 b - 2 scrolls of immolation
 e - a scroll of teleportation {unknown}
 f - 2 scrolls of enchant weapon {unknown}
 h - a scroll of magic mapping {unknown}
 i - 2 scrolls of identify {unknown}
 j - a scroll of fear {unknown}
 l - a scroll of noise {unknown}
Potions
 o - a potion of brilliance


   Skills:
 + Level 5.4 Fighting
 + Level 6.0 Ranged Weapons
 - Level 1.7 Dodging
 - Level 1.2 Stealth
 + Level 3.8 Shields


You had 6 spell levels left.
You didn't know any spells.
Your spell library was empty.

Dungeon Overview and Level Annotations

Branches:
Dungeon (3/15)              Sewer (1/1)

Altars:
Cheibriados


Innate Abilities, Weirdness & Mutations

You cannot be hasted, slowed, berserked, paralysed or teleported.
You can dig through walls and to a lower floor.
You have a pair of large antennae on your head. (SInv)
Your four strong arms can wield two-handed weapons with a shield.


Message History

The wight hits you with a +3 scimitar!!
You feel drained. The wight closely misses you.
You are too injured to fight recklessly!
It was a potion of brilliance.
You feel clever all of a sudden. The wight hits you with a +3 scimitar!!
* * * LOW HITPOINT WARNING * * *
Okay, then.
It was a potion of attraction.
You feel attractive to monsters. The wight barely misses you.
It was a potion of curing.
You feel better. You block the wight's attack.
It was a potion of heal wounds.
You feel much better. The wight hits you with a +3 scimitar!
You feel drained.
You shoot an arrow. The arrow barely misses the wight.
The wight barely misses you.
You shoot an arrow. The arrow closely misses the wight.
The wight barely misses you.
You shoot an arrow.
The arrow hits the wight but does no damage.
The wight is lightly damaged.
The wight closely misses you.
You shoot an arrow. The arrow hits the wight!
The wight is severely damaged.
The wight hits you with a +3 scimitar!!
* * * LOW HITPOINT WARNING * * *
You block the wight's attack.
You are too injured to fight recklessly!
You are too injured to fight recklessly!
You are too injured to fight recklessly!
Non-targeted abil: Dig
Press: ? - help, Q - select action, (/) - cycle Dir - look around, f - activate You extend your mandibles.
Fire: a) +0 shortbow
Press: ? - help, Shift-Dir - straight line, f - wight
Aim: a wight, wielding a +3 scimitar and wearing the +1 robe "Wautzuw" {Str+3 Stlth+} (severely damaged, 68% to hit)
You shoot an arrow. The arrow hits the wight.
The wight is severely damaged.
The wight hits you with a +3 scimitar!
You die...

≈≈≈≈≈≈≈ ≈~≈~≈≈≈≈≈#
~≈~≈≈≈≈ ≈≈≈.~~≈~~# {
≈≈≈≈≈≈≈ ~≈≈~~≈~~≈# {{
#################~##
{
≈≈≈≈≈≈≈≈≈≈≈≈≈~.'.~~#
≈≈≈≈≈≈≈≈≈≈≈≈≈~)#.≈≈#
≈≈≈≈≈≈≈≈≈≈≈≈≈..#..≈#
≈≈≈≈≈≈≈≈≈≈≈≈≈~.#.~≈#
≈≈≈≈≈≈≈≈≈≈≈≈)).#@~≈#
~≈≈≈≈≈≈≈≈≈~)..#z~≈#
###≈#~≈###≈#.####.##
...........†.≈≈#.†.#
......).....≈≈≈~..†'
.............≈≈#...#.
##≈##≈##≈###.###
.###.
≈~≈~≈≈~≈≈≈≈≈...# ~≈#
.. ≈≈≈≈≈≈≈≈≈≈≈≈~..# #


You could see a wight.

Vanquished Creatures
  Sigmund (D:2)
  A wight (Sewer)
  Jessica (D:2)
  Natasha (thrice) (D:2)
  4 adders
  2 shadow imps (Sewer)
  2 ufetubi (Sewer)
  A worm (D:3)
  2 dart slugs
  An orc (D:3)
  7 endoplasms
  7 giant cockroaches
  4 goblins
  7 hobgoblins
  15 kobolds
  6 quokkas
  8 ball pythons
  7 bats
  4 frilled lizards
  A giant cockroach zombie (Sewer)
  A rat (D:1)
85 creatures vanquished.

Notes
Turn   | Place    | Note
-------+----------+-------------------------------------------
     0 | D:1      | KleinerIrrer the Formicid Hunter began the quest for the
                  | Orb.
     0 | D:1      | Reached XP level 1. HP: 16/16 MP: 1/1
    60 | D:1      | Reached XP level 2. HP: 22/23 MP: 2/2
   115 | D:1      | Found a faded altar of an unknown god.
   283 | D:1      | Reached XP level 3. HP: 26/29 MP: 3/3
   531 | D:2      | Noticed Natasha
   534 | D:2      | Killed Natasha
   535 | D:2      | Reached XP level 4. HP: 35/35 MP: 4/4
   656 | D:2      | Noticed Jessica
   661 | D:2      | Killed Jessica
   662 | D:2      | Reached skill level 5 in Ranged Weapons
   662 | D:2      | Reached XP level 5. HP: 42/42 MP: 5/5
   750 | D:2      | Found a snail-covered altar of Cheibriados.
   763 | D:2      | Became a worshipper of Cheibriados the Contemplative
   884 | D:2      | Noticed Sigmund
   889 | D:2      | Killed Sigmund
   890 | D:2      | Reached XP level 6. HP: 50/50 MP: 6/6
   946 | D:2      | Noticed Natasha
   953 | D:2      | Killed Natasha
   973 | D:2      | Noticed Natasha
   975 | D:2      | Killed Natasha
   976 | D:2      | Reached skill level 5 in Fighting
  1072 | D:3      | Reached * piety under Cheibriados
  1156 | D:3      | Found a glowing drain.
  1162 | D:3      | Reached XP level 7. HP: 56/56 MP: 7/7
  1174 | Sewer    | Entered a sewer
  1304 | Sewer    | Reached ** piety under Cheibriados
  1305 | Sewer    | Reached skill level 6 in Ranged Weapons
  1403 | Sewer    | Identified the +1 robe "Wautzuw" {Str+3 Stlth+}
  1418 | Sewer    | Slain by a wight

Illustrated notes

Levels and vault maps discovered:
D:1:      dpeg_arrival_tiny_i, layout_rooms,
          shapermc_ecumenical_altar_notcrosses, minmay_tiny_reverse_x
D:2:      layout_basic, basic_altar, hangedman_decor_riveting,
          minmay_crystal_water, uniq_natasha, uniq_sigmund, uniq_jessica
D:3:      layout_basic, grunt_temple_overflow_diamond, portal_sewer_entry_f,
          serial_glass, glass_columns_c, glass_columns_a, glass_columns_a,
          serial_park_tiny_pond, grunt_decor_arrowhead,
          nicolae_elevator_lobby_asterisk
Sewer:    kennysheep_sewer_church

Skill      XL: |  1  2  3  4  5  6  7 |
---------------+----------------------+-----
Fighting       | 3 4 5 |  5.4
Ranged Weapons | 5 6 |  6.0
Shields        | 2 3 |  3.8
Dodging        | |  1.7
Stealth        | |  1.2

Action                     |  1- 3 |  4- 6 |  7- 9 || total
---------------------------+-------+-------+-------++-------
   Fire: Shortbow          |    59 |    99 |    85 ||   243
Ability: Dig               |       |       |     1 ||     1
    Use: Potion            |       |       |     4 ||     4
 Armour: Leather armour    |     4 |     4 |    17 ||    25
  Dodge: Dodged            |    13 |    17 |    49 ||    79
  Block: Buckler           |       |     3 |    22 ||    25

Table legend: (Time is in decaauts)
 A = Elapsed time spent in this place.
 B = Non-inter-level travel time spent in this place.
 C = Inter-level travel time spent in this place.
 D = Time resting spent in this place.
 E = Time spent auto-exploring this place.
 F = Levels seen in this place.
 G = Mean time per level.
                   A        B        C        D        E       F      G
               +--------+--------+--------+--------+--------+-----+--------+
         Total |   1626 |   1459 |    167 |     51 |    910 |   4 |  406.5 |
       Dungeon |   1315 |   1148 |    167 |      0 |    807 |   3 |  438.3 |
         Sewer |    311 |    311 |      0 |     51 |    103 |   1 |  311.0 |
               +--------+--------+--------+--------+--------+-----+--------+

Top non-repeatable levels by time:
     D:2: 552 daAuts
     D:1: 541 daAuts
   Sewer: 311 daAuts
     D:3: 221 daAuts
